AoeStats
← mati

Fortress

509923304Analyzed
4v4 RM · 4d ago on Sep 28, 2026· 56m 42s· 8 players
Game mode
Random Map
Map size
Huge
Population
200
Speed
Normal
Resources
Standard
Victory
Conquest
Starting age
Dark Age
Ending age
Imperial Age
RankedLock teamsTeams togetherTeam positionsShared explorationLock speedFull tech treeHidden civsTurbo modeCheats
Victory
Defeat
🇹🇷 Burgundians · Türkiye
1259
+10
🇹🇷 Italians · Türkiye
1173
+13
🇹🇷 Japanese · Türkiye
1101
+16
🇹🇷 Slavs · Türkiye
1077
+17
🇫🇷 Persians · France
1342
-22
🇺🇸 Varangians · United States
1117
-14
🇸🇪 Magyars · Sweden
1102
-14
🇮🇪 Britons · Ireland
864
-6
Hermes Trismegistus
9:56 Feudal Age
11:49 Double-Bit Axe
11:49 Horse Collar
14:57 Castle Age
17:18 Bow Saw
17:48 Loom
18:40 Wheelbarrow
18:04 Gold Mining
24:01 Imperial Age
22:12 Stone Mining
23:01 Hand Cart
23:15 Fletching
23:25 Padded Archer Armor
24:00 Ballistics
25:10 Conscription
25:57 Gold Shaft Mining
25:26 Heavy Plow
26:29 Two-Man Saw
26:27 Pikeman
27:08 Squires
26:54 Arson
29:57 Yeomen
29:34 Halberdier
31:24 Elite Longbowman
32:51 Bodkin Arrow
33:12 Leather Archer Armor
35:52 Warwolf
37:47 Bracer
38:18 Ring Archer Armor
38:16 Scale Mail Armor
52:06 Chemistry
51:18 Siege Engineers
51:26 Fortified Wall
Waylou
7:49 Feudal Age
11:35 Castle Age
10:52 Double-Bit Axe
10:49 Horse Collar
12:51 Bow Saw
13:18 Heavy Plow
17:40 Wheelbarrow
17:34 Loom
20:12 Fletching
22:41 Stone Mining
22:42 Gold Mining
25:41 Hand Cart
25:50 Hand Cart
31:32 Imperial Age
29:25 Masonry
29:58 Scale Barding Armor
30:57 Husbandry
31:11 Bloodlines
32:00 Murder Holes
32:34 Cavalier
34:19 Chain Barding Armor
34:10 Forging
34:42 Conscription
35:36 Plate Barding Armor
35:19 Savar
36:47 Forging
38:34 Iron Casting
39:33 Chemistry
40:39 Heavy Camel Rider
45:07 Light Cavalry
47:46 Blast Furnace
46:10 Hussar
49:46 Town Watch
49:59 Bodkin Arrow
50:05 Padded Archer Armor
50:28 Ballistics
mati
7:36 Feudal Age
11:55 Castle Age
9:46 Double-Bit Axe
10:07 Horse Collar
15:01 Bow Saw
17:10 Loom
18:03 Wheelbarrow
18:52 Scale Barding Armor
18:51 Heavy Plow
22:16 Chain Barding Armor
24:25 Bloodlines
24:15 Husbandry
26:05 Fletching
26:16 Padded Archer Armor
27:02 Bodkin Arrow
27:31 Hand Cart
31:08 Imperial Age
30:22 Stone Mining
30:23 Gold Mining
32:44 Plate Barding Armor
32:51 Conscription
31:59 Elite Magyar Huszar
33:01 Conscription
34:01 Bracer
34:16 Leather Archer Armor
34:22 Corvinian Army
36:41 Thumb Ring
35:57 Heavy Cavalry Archer
39:02 Ballistics
39:43 Chemistry
41:59 Parthian Tactics
42:06 Ring Archer Armor
52:28 Two-Man Saw
53:17 Town Watch
55:00 Town Patrol
Acadia744
6:58 Loom
8:44 Feudal Age
10:34 Horse Collar
13:19 Castle Age
12:01 Double-Bit Axe
13:57 Bloodlines
14:52 Husbandry
15:05 Forging
18:33 Wheelbarrow
19:03 Town Watch
27:05 Imperial Age
26:00 Scale Barding Armor
26:32 Iron Casting
27:16 Chain Barding Armor
27:15 Guard Tower
27:43 Vendel Legacy
28:52 Conscription
30:15 Gold Mining
32:29 Plate Barding Armor
32:39 Fortified Wall
33:59 Fletching
35:36 Bodkin Arrow
36:21 Ballistics
37:19 Bracer
39:05 Heavy Plow
38:56 Elite Varangian Guard
39:41 Squires
40:23 Scale Mail Armor
48:18 Gambesons
SOLIIN
3:18 Loom
7:36 Feudal Age
13:25 Castle Age
12:38 Double-Bit Axe
12:36 Horse Collar
12:56 Gold Mining
13:22 Forging
13:18 Scale Barding Armor
20:09 Scale Barding Armor
21:30 Bow Saw
21:19 Pikeman
24:21 Iron Casting
23:43 Town Watch
25:26 Squires
27:55 Husbandry
31:02 Wheelbarrow
30:49 Chain Barding Armor
35:25 Imperial Age
34:29 Stone Mining
35:20 Scale Mail Armor
36:17 Chain Mail Armor
35:33 Elite Boyar
37:14 Elite Skirmisher
38:34 Padded Archer Armor
38:24 Fletching
39:45 Bodkin Arrow
40:06 Leather Archer Armor
40:54 Chemistry
41:38 Plate Barding Armor
42:04 Blast Furnace
41:27 Conscription
42:16 Hand Cart
45:30 Druzhina
48:03 Halberdier
49:57 Plate Mail Armor
merd
6:38 Feudal Age
4:58 Horse Collar
6:52 Double-Bit Axe
14:33 Castle Age
12:43 Heavy Plow
12:56 Bow Saw
12:48 Gold Mining
14:54 Forging
14:50 Scale Barding Armor
17:33 Husbandry
19:55 Cavalier
21:47 Iron Casting
22:30 Town Watch
23:21 Wheelbarrow
24:23 Chain Barding Armor
25:16 Town Patrol
33:05 Imperial Age
31:20 Gold Shaft Mining
31:01 Hand Cart
32:49 Burgundian Vineyards
34:24 Plate Barding Armor
34:50 Blast Furnace
33:57 Paladin
42:46 Conscription
52:39 Squires
52:41 Scale Mail Armor
52:37 Pikeman
53:45 Halberdier
54:41 Chain Mail Armor
déodat
8:01 Feudal Age
8:39 Loom
11:28 Castle Age
9:16 Double-Bit Axe
11:52 Gold Mining
16:45 Town Watch
17:28 Fletching
24:34 Wheelbarrow
30:58 Imperial Age
29:30 Ballistics
32:13 Bodkin Arrow
33:14 Padded Archer Armor
34:01 Town Patrol
35:57 Squires
36:00 Bracer
35:31 Elite Skirmisher
36:41 Leather Archer Armor
39:27 Ring Archer Armor
40:09 Chemistry
48:52 Horse Collar
52:51 Crossbowman
55:33 Thumb Ring
slimshady12
4:32 Loom
4:37 Loom
7:33 Feudal Age
9:03 Loom
12:18 Castle Age
10:43 Double-Bit Axe
10:50 Horse Collar
11:33 Gold Mining
21:13 Gold Mining
22:42 Elite Skirmisher
23:14 Fletching
23:24 Padded Archer Armor
28:09 Imperial Age
26:30 Fletching
26:40 Padded Archer Armor
27:09 Padded Archer Armor
27:15 Bodkin Arrow
28:16 Leather Archer Armor
29:23 Bracer
29:53 Ring Archer Armor
30:40 Ring Archer Armor
32:04 Chemistry
31:25 Ballistics
32:23 Forging
32:13 Scale Mail Armor
33:02 Pikeman
33:58 Halberdier
36:01 Iron Casting
35:41 Chain Mail Armor
36:41 Town Watch
38:47 Blast Furnace
38:17 Plate Mail Armor
40:11 Plate Mail Armor
40:14 Town Patrol
41:03 Wheelbarrow
41:51 Kataparuto
45:14 Heavy Plow
48:56 Hand Cart
49:17 Squires
49:03 Arson
54:45 Thumb Ring
56:06 Treadmill Crane
56:37 Masonry
56:33 Siege Engineers
56:23 Murder Holes
56:43 Gambesons
57:23 Bow Saw
57:55 Gold Shaft Mining
57:11 Stone Mining
Connection lost

Rejoining the realm…

Still unreachable

The connection could not be restored.

Session expired

The server has moved on; the page needs a fresh start.